[Event "*** Titled Tuesday 3|2 Blitz"]
[Site "Chess.com"]
[Date "2015.06.02"]
[Round "9"]
[White "1random"]
[Black "WGMCarlaHeredia"]
[Result "0-1"]
[WhiteElo "2039"]
[BlackElo "2063"]
[TimeControl "180+2"]
[EndTime "12:53:14 PDT"]
[Termination "WGMCarlaHeredia won by checkmate"]

1. e4 c6 2. d4 d5 3. e5 c5 4. dxc5 Nc6 5. a3 Nxe5 6. b4 g6 7.
Bb2 Bg7 8. Bb5+ Bd7 9. Bxd7+ Qxd7 10. Nc3 Nc4 11. Qc1 d4 12. Nce2 Qe6 13. Nf3 d3 14. cxd3 Nxb2 15. O-O Qxe2 16. Re1 Qxd3 17. Qg5 Nf6 18. Ne5 Qf5 19. Qd2 Na4 20. Qe2 O-O 21.
Qb5 Nc3 22. Qxb7 Nfe4 23. Nd7 Qxf2+ 24. Kh1 Rfd8 25. c6 Qh4 26. h3 Nf2+ 27. Kh2 Nce4 28.
c7 Qf4+ 29. Kg1 Bd4 30. cxd8=Q+ Rxd8 31. Qd5 Ng3 32. Nf6+ exf6 33. Qxd8+ Kg7 34. Re8 Nxh3+ 35. Kh2 Nf5+ 36. Kh1 Nf2+ 37. Kg1 Nh3+ 38. Kh1 Nf2+ 39. Kg1 Ng4+ 40. Kh1 Qh2# 0-1

[Event "*** Titled Tuesday 3|2 Blitz"]
[Site "Chess.com"]
[Date "2015.06.02"]
[Round "9"]
[White "ruifeng"]
[Black "jlandaw"]
[Result "0-1"]
[WhiteElo "2129"]
[BlackElo "2336"]
[TimeControl "180+2"]
[EndTime "12:53:18 PDT"]
[Termination "jlandaw won by checkmate"]

1. e4 e5 2. Nf3 Nc6 3. Bc4 Bc5 4. b4 Bxb4 5. c3 Bd6 6. d4 Nf6 7. O-O O-O 8. Re1 Re8 9. Nbd2 Bf8 10. Ng5 Re7 11. Ndf3 d6 12. Nxf7 Rxf7 13. Ng5 d5 14.
Nxf7 Kxf7 15. exd5 Na5 16. dxe5 Nxc4 17. exf6 Qxf6 18.
Qh5+ Kg8 19. Bg5 Qf7 20. Qh4 Nd6 21. Re5 h6 22. Bd2 g5 23. Bxg5 hxg5 24. Rxg5+ Bg7 25. Re1 Bf5 26. Rg3 Re8 27. Rge3 Rxe3 28. Rxe3 Bf6 29.
Qg3+ Bg6 30. h4 Nf5 31. Qf4 Nxe3 32. fxe3 Bxc3 33. Qg5 Bf6 34. Qg4 Kh7 35. e4 Bd4+ 36.
Kh2 Be5+ 37. Kg1 Qf4 38. Qd7+ Kh6 39. Qd8 Bxe4 40. h5 Qe3+ 41. Kf1 Bd3# 0-1

[Event "*** Titled Tuesday 3|2 Blitz"]
[Site "Chess.com"]
[Date "2015.06.02"]
[Round "9"]
[White "stepanosinovsky"]
[Black "aripov96"]
[Result "0-1"]
[WhiteElo "2281"]
[BlackElo "2263"]
[TimeControl "180+2"]
[EndTime "12:53:18 PDT"]
[Termination "aripov96 won by checkmate"]

1. Nf3 d5 2. g3 Nf6 3. Bg2 Nc6 4. O-O e5 5. d4 e4 6. Ne5 Bd6 7. f4 exf3 8. exf3 O-O 9. f4 Ne4 10. Nd2 Nxd2 11. Qxd2 Nxe5 12. fxe5 Be7 13. Qd3 Be6 14. Be3 b6 15. Rf2 Rc8 16. Raf1 c5 17. h4 cxd4 18. Bxd4 Rc4 19. c3 Bc5 20. Rf4 Bxd4+ 21. Rxd4 Qc7 22. Bxd5 Rxd4 23. Qxd4 Bxd5 24. Qxd5 Re8 25. Re1 g6 26. Kh2 Rd8 27. Qe4 Qc5 28. e6 Rd2+ 29. Re2 Rxe2+ 30. Qxe2 fxe6 31. Qxe6+ Kg7 32. Kg2 a5 33. Qe4 Qb5 34.
Qd4+ Kh6 35. c4 Qb4 36. a3 Qb3 37. Kh3 a4 38. Kg4 Qc2 39. Qf4+ Kg7 40. Qe5+ Kg8 41. Qe6+ Kg7 42. Qe7+ Kg8 43. Qd8+ Kg7 44. Qxb6 Qf5# 0-1

[Event "*** Titled Tuesday 3|2 Blitz"]
[Site "Chess.com"]
[Date "2015.06.02"]
[Round "9"]
[White "Genghis_K"]
[Black "RitvarsReimanis"]
[Result "0-1"]
[WhiteElo "2534"]
[BlackElo "2391"]
[TimeControl "180+2"]
[EndTime "12:53:25 PDT"]
[Termination "RitvarsReimanis won by resignation"]

1. e4 e6 2. d3 d5 3. Qe2 Be7 4.
Nf3 c6 5. g3 f5 6. Bg2 fxe4 7.
dxe4 Nf6 8. Nbd2 O-O 9. O-O a5 10. c4 d4 11. Ne1 e5 12. Nd3 Nbd7 13. f4 Bd6 14. f5 Nc5 15. h3 Nfd7 16. b3 a4 17. Rb1 axb3 18. axb3 Ra2 19. b4 Na4 20. c5 Nc3 21. Qe1 Nxb1 22. Nxb1 Be7 23. Qd1 Kh8 24.
Qb3 Ra8 25. Nd2 b6 26. cxb6 Qxb6 27. Nc4 Qb5 28. Bd2 Ba6 29. Rc1 c5 30. Bf1 cxb4 31. Ncb2 Qb7 32. Qe6 Bf6 33. Bxb4 Rfe8 34. Qf7 Bxd3 35.
Nxd3 Nc5 36. Qxb7 Nxb7 37. Rc7 Rab8 38. g4 h6 39. Ne1 Rec8 40. Rd7 Nc5 41. Bxc5 Rxc5 42.
Nd3 Rc2 43. h4 Rb1 44. g5 hxg5 45. Nf2 Rcc1 46. Kg2 Rxf1 47. h5 Rxf2+ 48. Kxf2 Rb3 49.
h6 Kg8 50. hxg7 Bxg7 51. Rd6 Re3 52. Rg6 Rxe4 53. Rxg5 Kf7 54. Rg6 Rf4+ 55. Ke2 Rxf5 56. Ra6 Rf6 57. Ra7+ Kg6 58. Kd3 Rf3+ 59. Ke4 Re3+ 60.
Kd5 d3 61. Ra1 d2 62. Rg1+ Kf7 63. Rf1+ Bf6 64. Rd1 Rd3+ 65. Ke4 Rd6 66. Ke3 Bg5+ 67. Ke2 Ke6 68. Kf2 Kf5 69. Ke2 Rh6 70. Rf1+ Ke4 71.
Kd1 Ra6 72. Ke2 Rc6 73. Rg1 Bf4 74. Ra1 Rc1 75. Ra4+ Kd5 76. Ra5+ Ke6 77. Ra6+ Kf5 78. Rd6 Re1+ 79. Kf2 d1=Q 80. Rxd1 Rxd1 81. Kf3 Rd3+ 82.
Ke2 Ke4 0-1

[Event "*** Titled Tuesday 3|2 Blitz"]
[Site "Chess.com"]
[Date "2015.06.02"]
[Round "9"]
[White "MattyDPerrine"]
[Black "Viaje"]
[Result "1/2-1/2"]
[WhiteElo "2259"]
[BlackElo "2240"]
[TimeControl "180+2"]
[EndTime "12:53:35 PDT"]
[Termination "Game drawn by agreement"]

1. d4 Nf6 2. Nf3 d5 3. c4 c6 4. Nc3 e6 5. e3 Nbd7 6. Qc2 Bd6 7. Bd2 O-O 8. g4 dxc4 9. g5 Nd5 10. Bxc4 b5 11. Bd3 g6 12. a3 Bb7 13. Ne4 Be7 14.
h4 c5 15. dxc5 Nxc5 16. Nxc5 Bxc5 17. Qxc5 Nf4 18. exf4 Qxd3 19. Qe3 Qxe3+ 20. fxe3 Bxf3 21. Rh3 Bg4 22. Rg3 Bf5 23. Bc3 Rfd8 24. Rd1 Rxd1+ 25. Kxd1 Rd8+ 26. Bd4 a6 27. Kd2 Rc8 28. Bc3 Rd8+ 29.
Ke2 Kf8 30. Rg1 Ke8 31. Rc1 Rd5 32. Bd4 Kd7 33. Kf3 Rd6 34. Rc3 Rc6 35. Bc5 Bh3 36. e4 Bf1 37. Ke3 Bc4 38. b4 Kc7 39. Rc1 Kc8 40.
Rd1 Kc7 41. h5 Kc8 42. Rh1 Rc7 43. hxg6 fxg6 44. Bd4 Rd7 45. Rc1 Kb7 46. Rc3 Kc8 47. Rc1 Kb7 48. Rc2 Kc8 49. Rf2 Kd8 50. f5 exf5 51.
exf5 gxf5 52. Rxf5 Ke8 53. Bc5 Rf7 54. Rxf7 Kxf7 55. Kf4 1/2-1/2

[Event "*** Titled Tuesday 3|2 Blitz"]
[Site "Chess.com"]
[Date "2015.06.02"]
[Round "9"]
[White "Schemato"]
[Black "FearNoEvil12"]
[Result "1-0"]
[WhiteElo "2051"]
[BlackElo "1944"]
[TimeControl "180+2"]
[EndTime "12:53:37 PDT"]
[Termination "Schemato won by resignation"]

1. c4 Nf6 2. Nc3 g6 3. g3 Bg7 4. Bg2 d6 5. e4 O-O 6. Nge2 c5 7. O-O Nc6 8. d3 h6 9. h3 Nh7 10. Be3 f5 11. Qd2 g5 12. exf5 Bxf5 13. d4 cxd4 14. Nxd4 Bd7 15. Rad1 Nf6 16. Rfe1 Rc8 17. b3 a6 18. Nd5 Nxd4 19. Bxd4 e6 20. Nxf6+ Bxf6 21. Bxf6 Qxf6 22. Bxb7 Rc5 23. Re2 Rf5 24. Be4 Re5 25. Bg2 Rxe2 26. Qxe2 e5 27. Rd2 Be8 28. Qd3 e4 29. Bxe4 Bd7 30. Qxd6 Bxh3 31. Qxf6 Rxf6 32. c5 Kf7 33. b4 Ke7 34. a4 Re6 35. Bg2 Bxg2 36.
Kxg2 Re4 37. Rb2 Rc4 38. Kf3 Kd7 39. Ke3 a5 40. Kd3 Rxb4 41. Rxb4 axb4 42. g4 Kc6 43. Kc4 b3 44. Kxb3 Kxc5 45. Kc3 Kd5 46. Kd3 1-0

[Event "*** Titled Tuesday 3|2 Blitz"]
[Site "Chess.com"]
[Date "2015.06.02"]
[Round "9"]
[White "GMG"]
[Black "MinhGTrAn"]
[Result "1-0"]
[WhiteElo "2464"]
[BlackElo "2546"]
[TimeControl "180+2"]
[EndTime "12:53:49 PDT"]
[Termination "GMG won by resignation"]

1. d4 Nf6 2. Bg5 e6 3. e4 h6 4. Bxf6 Qxf6 5. Nc3 Bb4 6. Ne2 O-O 7. a3 Be7 8. f4 g6 9. e5 Qg7 10. g3 d5 11. Qd2 c5 12. Nd1 b6 13. c3 Nc6 14. b4 Ba6 15. Ne3 Rfc8 16. Ng1 Bxf1 17.
Kxf1 cxd4 18. cxd4 f6 19. Nf3 a5 20. b5 Na7 21. a4 f5 22. Kf2 Bb4 23. Qe2 Rc7 24. Rac1 Rac8 25. Rxc7 Rxc7 26. Rg1 Rf7 27. Rc1 Rc7 28. Rc2 Nc8 29. Qd1 Qd7 30. Qc1 Rxc2+ 31. Qxc2 Ne7 32. g4 Qc8 33. Qxc8+ Nxc8 34. gxf5 gxf5 35.
Ke2 Kf7 36. Kd3 Ne7 37. Nc2 Ng8 38. Nxb4 axb4 39. Kc2 Ne7 40. Nh4 Ke8 41. Kb3 Kd7 42. Kxb4 Kc7 43. a5 Kb7 44. a6+ Kc7 45. Kc3 Kb8 46.
Kd3 Kc7 47. Ng2 Nc8 48. Kc3 Ne7 49. Ne1 Ng6 50. Nd3 Kb8 51. Kd2 Ne7 52. Ke3 Nc8 53. Nb4 h5 54. Nc6+ Kc7 55. Kf3 1-0

[Event "*** Titled Tuesday 3|2 Blitz"]
[Site "Chess.com"]
[Date "2015.06.02"]
[Round "9"]
[White "Recombinant"]
[Black "kesarev"]
[Result "0-1"]
[WhiteElo "2115"]
[BlackElo "2155"]
[TimeControl "180+2"]
[EndTime "12:54:13 PDT"]
[Termination "kesarev won by resignation"]

1. d4 Nf6 2. c4 g6 3. Nc3 Bg7 4. Nf3 O-O 5. Bg5 d6 6. e3 c5 7.
d5 e6 8. Be2 a6 9. a4 h6 10. Bh4 e5 11. O-O Qe8 12. Nd2 Nh7 13. Nde4 Qd7 14. f4 f5 15. Nd2 g5 16. Bg3 Qe7 17.
Bh5 Nd7 18. h3 exf4 19. exf4 Qe3+ 20. Bf2 Qxf4 21. Bxc5 Bd4+ 22. Bxd4 Qxd4+ 23. Kh1 Nc5 24. Qe2 Nf6 25. Bg6 Bd7 26. Bxf5 Rae8 27. Qf2 Qxf2 28. Rxf2 Re3 29. Bxd7 Nfxd7 30. Raf1 Rxf2 31. Rxf2 Nd3 32. Re2 Rxe2 33. Nxe2 Nxb2 34. a5 Ne5 35. c5 dxc5 36. Ne4 Nbd3 37. g4 Kf7 38. Kg2 c4 39. Nd4 Nf4+ 40.
Kg3 Nxd5 41. Kf2 Nc6 42. Nf5 Kg6 43. Nfd6 Nxa5 44. Ke2 b5 45. Nc5 c3 46. Nxa6 c2 47. Kd2 Ne3 48. Nc5 Nac4+ 49. Kc1 Nxd6 50. Ne6 Ndc4 51.
Nf8+ Kf6 52. Nd7+ Ke6 53. Nc5+ Kd5 54. Nd3 Ne5 55. Nf2 Kd4 56. Kd2 b4 57. h4 b3 58.
hxg5 hxg5 59. Kc1 N5c4 60. Nd3 b2+ 61. Nxb2 Nxb2 62. Kxb2 Kd3 63. Kc1 Nd5 64. Kb2 Kd2 0-1

[Event "*** Titled Tuesday 3|2 Blitz"]
[Site "Chess.com"]
[Date "2015.06.02"]
[Round "9"]
[White "GMNeiksans"]
[Black "GeorgMeier"]
[Result "0-1"]
[WhiteElo "2515"]
[BlackElo "2725"]
[TimeControl "180+2"]
[EndTime "12:54:27 PDT"]
[Termination "GeorgMeier won on time"]

1. Nf3 d5 2. g3 Bg4 3. Bg2 e6 4.
O-O Nf6 5. d3 Be7 6. Nbd2 c5 7.
e4 Nc6 8. c3 O-O 9. Qe2 h6 10.
Re1 Rc8 11. Nf1 d4 12. c4 Nd7 13. h3 Bh5 14. g4 Bg6 15. Ng3 Bd6 16. Rf1 Qc7 17. Nh4 Bf4 18. Bxf4 Qxf4 19. Rad1 Nde5 20. Qd2 Qg5 21. Nxg6 Qxd2 22. Rxd2 Nxg6 23. f4 e5 24. f5 Nf4 25. a3 a6 26. Kh2 Rc7 27. Bf3 b5 28. f6 g6 29. cxb5 axb5 30. Ne2 Rfc8 31. Kg3 g5 32. h4 c4 33. hxg5 hxg5 34. dxc4 bxc4 35. Rh1 d3 36. Nc3 Rb8 37. Rdh2 Ng6 38. Nd5 Rcb7 39. Rh5 Rxb2 40. Rxg5 d2 41. Rgh5 Rb1 42.
g5 R1b3 43. Kf2 Rd3 44. Bg4 c3 45. Bf5 c2 46. Bxg6 fxg6 47. Rh8+ Kf7 48. R1h7+ Ke6 49. Rxb8 d1=Q 50. Nc7+ Kd6 0-1

[Event "*** Titled Tuesday 3|2 Blitz"]
[Site "Chess.com"]
[Date "2015.06.02"]
[Round "9"]
[White "MFBerna"]
[Black "only_defence"]
[Result "0-1"]
[WhiteElo "2004"]
[BlackElo "2223"]
[TimeControl "180+2"]
[EndTime "12:55:02 PDT"]
[Termination "only_defence won on time"]

1. e4 e6 2. d4 d5 3. Nd2 Be7 4. Ngf3 Nf6 5. Bd3 c5 6. exd5 Qxd5 7. dxc5 Bxc5 8. O-O O-O 9. Nb3 Be7 10. Qe2 b6 11. Rd1 Qh5 12. Be4 Ba6 13. c4 Nbd7 14. Bxa8 Rxa8 15.
Nbd4 Nc5 16. Bf4 Rc8 17. Ne5 Qh4 18. Bg3 Qg5 19. h4 Qh6 20. Ndc6 Bf8 21. Nd8 Nfe4 22.
Ndxf7 Qf6 23. Qf3 Bb7 24. Qxf6 gxf6 25. Nd8 Nxg3 26. Nxb7 Nxb7 27. Ng4 Nh5 28. Rd7 Nc5 29. Rxa7 Bg7 30. Rd1 f5 31. Nh2 Bxb2 32. Nf3 h6 33.
Rd6 Rb8 34. Rc6 Bf6 35. Rcc7 Ng7 36. Nd2 Ne8 37. Rh7 Bg7 38. Rhxg7+ Nxg7 39. Nf3 Rb7 40.
Ra8+ Kh7 41. Ne5 Nh5 42. Rc8 Ne4 43. f3 Nc5 44. Kf2 Nf4 45. g3 Nfd3+ 46. Nxd3 Nxd3+ 47. Ke3 Nb4 48. Ra8 Rc7 49. Kd4 Nc6+ 50. Kc3 Na5 51. Kd3 Nxc4 52. Kd4 b5 53. Rb8 Rd7+ 54. Kc3 Nd2 55. Rxb5 Nxf3 56. Rb6 e5 57. a4 e4 58. Re6 Ra7 59. Kb3 Nd4+ 0-1

[Event "*** Titled Tuesday 3|2 Blitz"]
[Site "Chess.com"]
[Date "2015.06.02"]
[Round "9"]
[White "ilmago"]
[Black "goldaxe"]
[Result "0-1"]
[WhiteElo "1883"]
[BlackElo "2147"]
[TimeControl "180+2"]
[EndTime "12:55:05 PDT"]
[Termination "goldaxe won by resignation"]

1. e4 e5 2. Nf3 Nc6 3. c3 d5 4. Qa4 f6 5. Bb5 Ne7 6. exd5 Qxd5 7. O-O Be6 8. c4 Qd7 9. Nc3 a6 10. Ne4 Nf5 11. Bxc6 Qxc6 12. Qxc6+ bxc6 13. b3 Be7 14. Bb2 Kf7 15. d4 Nxd4 16. Nxd4 exd4 17. Bxd4 Rhd8 18. Rfd1 a5 19. Be3 Rxd1+ 20. Rxd1 a4 21. Bf4 axb3 22.
axb3 Ra3 23. Nd2 Bd6 24. Be3 Bf5 25. Rc1 Be5 26. Bc5 Ra2 27. Nf3 Bf4 28. Re1 g5 29. g3 Bd6 30. Bxd6 cxd6 31. Nd4 Bd7 32. Rd1 Rb2 33.
h4 c5 34. Nb5 Bxb5 35. cxb5 gxh4 36. gxh4 Rxb3 37. Rxd6 Rxb5 38. h5 Kg7 39. Rc6 Ra5 40. Kg2 Kh6 41. Rxf6+ Kxh5 42. Rc6 Kg5 43. Kg3 Ra3+ 44.
f3 Rc3 45. Rc7 Kg6 46. Rc8 Rc4 47. f4 Rc3+ 48. Kg4 h5+ 49. Kh4 Rc4 50. Rc6+ Kf5 51.
Kxh5 Kxf4 52. Kh4 Rc3 53. Rc8 c4 54. Rc7 Rc1 55. Rf7+ Ke3 56. Kg3 Rg1+ 57. Kh2 Rg8 58. Re7+ Kd3 59. Rd7+ Kc2 60. Rc7 c3 61. Kh3 Kd2 62.
Rd7+ Kc1 63. Rc7 c2 64. Kh2 Rd8 65. Kg2 Kd2 0-1

[Event "*** Titled Tuesday 3|2 Blitz"]
[Site "Chess.com"]
[Date "2015.06.02"]
[Round "9"]
[White "AnastasiaProtopopova"]
[Black "Vandros57"]
[Result "0-1"]
[WhiteElo "1829"]
[BlackElo "1811"]
[TimeControl "180+2"]
[EndTime "12:55:18 PDT"]
[Termination "Vandros57 won by resignation"]

1. Nf3 Nf6 2. c4 e6 3. Nc3 d5 4. d4 Nbd7 5. Bf4 dxc4 6. e3 Nb6 7. a4 a5 8. Nd2 Bd6 9. Bxd6 cxd6 10. Nxc4 Nxc4 11.
Bxc4 O-O 12. O-O b6 13. e4 Bb7 14. Bd3 e5 15. d5 g6 16. g3 Nh5 17. f4 exf4 18. gxf4 Qh4 19. Qf3 Rfe8 20. Rae1 Rac8 21. f5 Qf6 22. Kh1 Ng7 23. fxg6 Qxf3+ 24. Rxf3 hxg6 25.
Nb5 Red8 26. Rf6 Ne8 27. Rf3 Ba6 28. Ref1 Bxb5 29. Bxb5 Rc7 30. Rc3 Rxc3 31. bxc3 Rc8 32. Bc6 Kf8 33. Kg2 Ke7 34. Kf3 Nf6 35. Rb1 Rb8 36.
c4 Nd7 37. Ke3 Ne5 38. Kd4 Nf3+ 39. Ke3 Ne5 40. Kd4 Nf3+ 41. Kd3 Nxh2 42. c5 dxc5 43. e5 Ng4 44. Ke4 f5+ 45. Kf4 Nh6 46. Rh1 Nf7 47. Rh7 Rh8 48. Rg7 Kf8 49. Rxf7+ Kxf7 50. d6 Ke6 51.
Bb5 Rh4+ 52. Kg5 Rg4+ 53. Kh6 f4 54. d7 Ke7 55. e6 f3 56. Kg7 f2 57. d8=Q+ Kxd8 58. Kf8 Re4 59. e7+ Rxe7 60. Bf1 Re1 0-1

[Event "*** Titled Tuesday 3|2 Blitz"]
[Site "Chess.com"]
[Date "2015.06.02"]
[Round "9"]
[White "E-Shaposhnikov"]
[Black "adypady02"]
[Result "1/2-1/2"]
[WhiteElo "2292"]
[BlackElo "2260"]
[TimeControl "180+2"]
[EndTime "12:55:23 PDT"]
[Termination "Game drawn - insufficient material"]

1. e4 e5 2. Nf3 Nc6 3. Bc4 Nf6 4.
d3 Bc5 5. O-O d6 6. c3 O-O 7.
Bg5 h6 8. Bh4 g5 9. Nxg5 hxg5 10. Bxg5 Kg7 11. Qf3 Kg6 12. h4 Rh8 13. Nd2 Be6 14.
b4 Bb6 15. a4 a6 16. b5 axb5 17. axb5 Rxa1 18. Rxa1 Na5 19. Bd5 Rh5 20. Qg3 Kh7 21. Qf3 Kg6 22. Nf1 Rxg5 23. hxg5 Nh7 24. Ng3 Qxg5 25. Bxe6 fxe6 26. d4 exd4 27. cxd4 Nb3 28. Qxb3 Bxd4 29. Qxe6+ Nf6 30. Qf5+ Qxf5 31. exf5+ Kg5 32.
Rc1 Bb6 33. Kf1 Ng4 34. Rc2 Ne5 35. Ke2 d5 36. Rc1 d4 37. Ne4+ Kxf5 38. f3 d3+ 39.
Kd2 Ba5+ 40. Ke3 Bb6+ 41. Kd2 Ba5+ 42. Kd1 Kf4 43. Nc5 Ke3 44. Nxb7 d2 45. Ra1 Bb6 46. Ra3+ Kf2 47. Kxd2 Nc4+ 48. Kd3 Nxa3 49. f4 Nxb5 50.
Ke4 Kxg2 51. f5 Bd4 52. Kd5 Bf6 53. Nc5 Nd4 54. Ne4 Bh8 55. f6 Nf5 56. f7 Bg7 57. Nc5 Nh6 58. Ne6 Nxf7 59. Nxg7 Nd8 60. Ne8 c6+ 61. Kd6 Kf3 62. Kd7 c5 63. Nd6 Nb7 64. Nxb7 c4 65. Nd6 c3 66. Nb5 c2 67. Nd4+ Ke3 68. Nxc2+ 1/2-1/2

[Event "*** Titled Tuesday 3|2 Blitz"]
[Site "Chess.com"]
[Date "2015.06.02"]
[Round "9"]
[White "Cryptochess"]
[Black "lexiel"]
[Result "1-0"]
[WhiteElo "2370"]
[BlackElo "1937"]
[TimeControl "180+2"]
[EndTime "12:55:31 PDT"]
[Termination "Cryptochess won by checkmate"]

1. e4 d6 2. d4 Nf6 3. Nc3 c6 4. f4 Nbd7 5. Nf3 b5 6. e5 b4 7. exf6 bxc3 8. fxg7 Bxg7 9. bxc3 Nf6 10. Bd3 Bg4 11.
O-O h5 12. Re1 h4 13. h3 Bh5 14. Qe2 Rg8 15. Qf2 Bxf3 16. Qxf3 Qd7 17. f5 Nd5 18.
Bd2 Bf6 19. Rab1 Kd8 20. Be4 Rg3 21. Qh5 Nxc3 22. Bxc3 Rxc3 23. Qxf7 Bxd4+ 24. Kh1 Kc7 25. f6 Bxf6 26. Qg6 Rxh3+ 27. Kg1 Bd4+ 28. Kf1 Rf8+ 29. Ke2 Rg3 30. Qh5 Bb6 31. Bf3 Rf5 32. Qxh4 Re5+ 33. Kf1 Rgg5 34. Rxe5 Rxe5 35. Re1 Qf5 36. Rxe5 Qxe5 37.
Qe4 Qb5+ 38. Ke1 Ba5+ 39. Kf2 Qc5+ 40. Kg3 e5 41. Qh7+ Kb6 42. Qd3 Be1+ 43. Kg4 Qf2 44. Qb3+ Kc7 45. Qf7+ Kb6 46. Qb3+ Kc7 47. Kf5 Qh4 48.
Qf7+ Kb6 49. Ke6 Qh6+ 50. Kd7 d5 51. Qe7 e4 52. Qd8+ Kc5 53. Qe7+ Kd4 54. Bg4 Ba5 55. Bf5 c5 56. g4 Bd2 57. Be6 Qf4 58. Kc6 e3 59.
Qxc5+ Ke5 60. Qxd5+ Kf6 61. Bf5 e2 62. Qe6+ Kg5 63. Qxe2 Qa4+ 64. Kd5 Qxa2+ 65. Kd4 Qa4+ 66. c4 Bf4 67. Qe7+ Kh6 68. Qf6# 1-0

[Event "*** Titled Tuesday 3|2 Blitz"]
[Site "Chess.com"]
[Date "2015.06.02"]
[Round "9"]
[White "kleinebeer98"]
[Black "MartinZumsande"]
[Result "1/2-1/2"]
[WhiteElo "2281"]
[BlackElo "2302"]
[TimeControl "180+2"]
[EndTime "12:56:37 PDT"]
[Termination "Game drawn by repetition"]

1. e4 e6 2. d4 d5 3. Nd2 Nf6 4. e5 Nfd7 5. f4 c5 6. Ngf3 Nc6 7. Nb3 a6 8. Be2 b5 9. Be3 c4 10. Nc5 Nxc5 11. dxc5 d4 12. Nxd4 Nxd4 13. Bxd4 Bb7 14. Bf3 Qc7 15. a4 Rd8 16. axb5 Bxc5 17. c3 Bxf3 18. Qxf3 Bxd4 19. cxd4 axb5 20. O-O O-O 21.
Rfd1 g6 22. h4 h5 23. Kh1 Qb6 24. d5 exd5 25. Rxd5 Rxd5 26. Qxd5 Qf2 27. Qxb5 Qxh4+ 28. Kg1 Qxf4 29. Rf1 Qd4+ 30. Kh1 Rd8 31. e6 fxe6 32.
Qg5 Kg7 33. Qe7+ Kh6 34. Qxe6 Qh4+ 35. Kg1 Qg5 36. Qxc4 Rd2 37. Qe4 Rxb2 38. Qf3 Rb8 39. Rd1 h4 40. Rd5 Qc1+ 41. Kh2 Qc7+ 42. Kh1 Rb1+ 43.
Rd1 Rxd1+ 44. Qxd1 Qf4 45. Qd8 Kh5 46. Qh8+ Kg4 47. Qc8+ Qf5 48. Qc4+ Kh5 49. Qg8 Qf1+ 50. Kh2 Qf4+ 51. Kh1 g5 52. Qh7+ Kg4 53. Qd7+ Kg3 54.
Qh3+ Kf2 55. Qc3 g4 56. Qb2+ Kf1 57. Qb1+ Ke2 58. Qb5+ Kf2 59. Qb2+ Ke3 60. Qc1+ Ke4 61. Qc4+ Kf5 62. Qd5+ Qe5 63. Qd7+ Kf4 64. Qd2+ Kg3 65. Qd3+ Kf2 66. Qd2+ Qe2 67. Qf4+ Ke1 68. Qc1+ Qd1 69. Qe3+ Kf1 70. Qf4+ Ke2+ 71. Kh2 g3+ 72. Kh3 Qh1+ 73. Kg4 Qxg2 74. Qc4+ Kf2 75. Qd4+ Kf1 76. Qd1+ Kf2 77. Qd4+ Ke2 78. Qb2+ Kf1 79. Qc1+ Kf2 80. Qc5+ Ke1 81.
Qc1+ Ke2 82. Qc2+ Kf1 83. Qd1+ Kf2 84. Qd4+ Ke1 85. Qa1+ Kf2 86. Qd4+ Ke1 87. Qa1+ Ke2 88. Qb2+ Kf1 89. Qc1+ Kf2 90. Qc5+ Ke1 91. Qc1+ Ke2 92.
Qc2+ Kf1 93. Qd1+ Kf2 1/2-1/2

[Event "*** Titled Tuesday 3|2 Blitz"]
[Site "Chess.com"]
[Date "2015.06.02"]
[Round "9"]
[White "Aragon"]
[Black "esr44"]
[Result "1-0"]
[WhiteElo "2118"]
[BlackElo "2017"]
[TimeControl "180+2"]
[EndTime "12:57:18 PDT"]
[Termination "Aragon won by checkmate"]

1. e4 c5 2. Nf3 d6 3. Bb5+ Nc6 4. O-O Qc7 5. Nc3 Bg4 6. h3 Bh5 7. d3 e6 8. Bf4 a6 9. Bxc6+ Qxc6 10. Ne2 Bxf3 11.
gxf3 h6 12. c3 g5 13. Bg3 Bg7 14. f4 Ne7 15. Qc1 c4 16. Qe3 cxd3 17. Nd4 Qc5 18.
e5 gxf4 19. Bxf4 dxe5 20. Nxe6 Qxe3 21. Nxg7+ Kf8 22. Ne6+ fxe6 23. Bxe3 Nf5 24. Bc5+ Kf7 25. Rfe1 Kf6 26. Rad1 Rad8 27. Re4 Rd5 28. b4 h5 29.
Kf1 Rg8 30. a4 h4 31. a5 Rg5 32. Be3 Nxe3+ 33. Rxe3 Rf5 34. Rdxd3 e4 35. Rd4 Rxd4 36. cxd4 Rf4 37. Ke2 Ke7 38. Rc3 Kd6 39. Rc5 Rf3 40.
Re5 Rxh3 41. Rxe4 Rh1 42. Kf3 h3 43. Rh4 Kd5 44. Ke3 h2 45. Rh5+ Kc4 46. Kf3 Kxd4 47.
Kg2 Rb1 48. Kxh2 Rxb4 49. Rh7 e5 50. f3 Ke3 51. Kg3 Rb1 52. Re7 Rb5 53. f4 Ke4 54. Kg4 Kd5 55. f5 e4 56. f6 Kd6 57. Rxe4 Rb1 58.
Kg5 Rg1+ 59. Kh6 Kd5 60. Re2 Kd6 61. f7 Rf1 62. Kg7 Rg1+ 63. Kf6 Rf1+ 64. Kg6 Rg1+ 65. Kh5 Rf1 66. Kg6 Rg1+ 67. Kh7 Rf1 68. Kg8 Rg1+ 69. Kf8 Kd7 70. Rd2+ Kc7 71. Rd4 Rf1 72. Ke7 Re1+ 73. Kf6 Rf1+ 74. Ke6 Re1+ 75. Kf5 Rf1+ 76. Rf4 Ra1 77.
f8=Q Rxa5+ 78. Kg4 Rd5 79. Qf7+ Kc6 80. Qe6+ Kc5 81.
Rf5 Rxf5 82. Kxf5 a5 83. Qb3 b5 84. Ke4 a4 85. Qa3+ Kc4 86. Ke3 b4 87. Qxa4 Kc3 88. Qa1+ Kc2 89. Qa2+ Kc3 90. Qb1 b3 91.
Ke2 b2 92. Kd1 Kb3 93. Kd2 Ka3 94. Kc3 Ka4 95. Qxb2 Ka5 96. Qb7 Ka4 97. Qb4# 1-0